 Dungeon Crawl Stone Soup version 0.27-a0-906-g0a00ce863d (webtiles) character file.

Game seed: 12999995918177115189

5254 kae the Grappler (level 10, -11/79 HPs)
             Began as a Demonspawn Gladiator on Apr 6, 2021.
             Was a Believer of Wu Jian.
             Mangled by a boulder beetle (23 damage)
             ... on level 10 of the Dungeon.
             The game lasted 00:07:10 (10814 turns).

kae the Grappler (Demonspawn Gladiator)            Turns: 10814, Time: 00:07:10

Health: -11/79     AC: 17    Str: 18    XL:     10   Next: 36%
Magic:  10/10      EV: 15    Int:  9    God:    Wu Jian [**....]
Gold:   302        SH:  5    Dex: 15    Spells: 9/9 levels left

rFire    . . .     SeeInvis +     - Unarmed
rCold    . . .     Faith    .   (no shield)
rNeg     . . .     Spirit   .   a - +1 leather armour
rPois    .         Reflect  +   b - +0 helmet
rElec    .         Harm     .   (no cloak)
rCorr    .         Rampage  .   (gloves unavailable)
Will     .....                  m - +1 pair of boots
Stlth    +.........             l - amulet of reflection
HPRegen  0.23/turn              g - +4 ring of protection
MPRegen  0.12/turn              t - ring of see invisible

@: sanguine armoured
A: claws 3, foul stench 2, sanguine armour 1, demonic magic 1
a: Renounce Religion, Wall Jump


You were on level 10 of the Dungeon.
You worshipped Wu Jian.
Wu Jian was pleased with you.
You visited 2 branches of the dungeon, and saw 11 of its levels.
You also visited: Bailey.

You collected 419 gold pieces.
You spent 117 gold pieces at shops.

Inventory:

Missiles
 c - 4 throwing nets (quivered)
 d - a curare-tipped dart
Armour
 a - a +1 leather armour (worn)
 b - a +0 helmet (worn)
 m - a +1 pair of boots (worn)
Jewellery
 g - a +4 ring of protection (left claw)
 l - an amulet of reflection (around neck)
 r - a ring of magical power
 t - a ring of see invisible (right claw)
 y - a ring of protection from cold
Wands
 s - a wand of charming (7)
 w - a wand of flame (14)
Scrolls
 o - 2 scrolls of teleportation
 q - a scroll of fog
 z - a scroll of enchant weapon
Potions
 e - a potion of berserk rage {unknown}
 f - 3 potions of might
 h - 4 potions of curing
 i - a potion of magic
 j - 3 potions of mutation {unknown}
 k - 4 potions of brilliance
 n - a potion of cancellation
 p - 5 potions of heal wounds
 u - 2 potions of invisibility
 v - a potion of attraction {unknown}
 x - a potion of lignification {unknown}


   Skills:
 + Level 7.6 Fighting
 - Level 1.7 Throwing
 + Level 7.3 Dodging
 * Level 9.9 Unarmed Combat
 + Level 4.6 Evocations


You had 9 spell levels left.
You didn't know any spells.
Your spell library contained the following spells:

 Spells                   Type           Power      Damage    Failure   Level
 Animate Skeleton         Necr           0%         N/A       43%         1
 Apportation              Tloc           0%         N/A       43%         1
 Corona                   Hex            0%         N/A       43%         1
 Magic Dart               Conj           0%         1d3       43%         1
 Summon Small Mammal      Summ           0%         N/A       43%         1
 Blink                    Tloc           N/A        N/A       58%         2
 Call Imp                 Summ           0%         N/A       58%         2
 Slow                     Hex            0%         N/A       58%         2
 Conjure Flame            Conj/Fire      0%         6-21      82%         3
 Mephitic Cloud           Conj/Pois/Air  0%         N/A       82%         3


Dungeon Overview and Level Annotations

Branches:
Dungeon (10/15)            Temple (1/1) D:7            Lair (0/6) D:8
    Orc (0/2) D:9          Bailey (visited)

Altars:
Ashenzari
Cheibriados
Dithmenos
Elyvilon
Fedhas
Gozag
Hepliaklqana
Kikubaaqudgha
Makhleb
Nemelex Xobeh
Qazlal
Ru
Sif Muna
Trog
Uskayaw
Vehumet
Wu Jian
Xom
Yredelemnul
Zin
The Shining One

Shops:
D:4 ?

Annotations:
D:5 2 runed translucent doors, RoadToAsh's ghost, amateur DgWn
D:6 2 runed translucent doors, p0werm0de's ghost, amateur GrFi


Innate Abilities, Weirdness & Mutations

You have claws for hands.
You sometimes emit foul miasma when damaged in melee.
When seriously injured, your bleeding wounds create armour. (AC +6)
Spells you cast may paralyse adjacent enemies.


Message History

The troll bites you but does no damage. The troll claws you.
You emit a cloud of foul miasma!
You block the troll's attack.
You claw the troll!
The troll is severely wounded.
The troll is engulfed in dark miasma.
The troll is poisoned.
The troll barely misses you. The troll claws you but does no damage.
You block the troll's attack.
You mangle the troll!!
You kill the troll!
The Council accepts your kill.
The troll leather armour is intact enough to wear.
You lunge at the boulder beetle.
You scratch the boulder beetle.
The boulder beetle is lightly wounded.
The boulder beetle bites you!
You emit a cloud of foul miasma!
Found a stone staircase leading up.
Things that are here:
a +0 troll leather armour; a troll corpse You claw the boulder beetle!
The boulder beetle is lightly wounded.
The boulder beetle is engulfed in dark miasma.
The boulder beetle is poisoned.
The boulder beetle leaps!
A yak comes into view.
You scratch the boulder beetle but do no damage.
The boulder beetle is moderately wounded.
Your hearing returns.
The boulder beetle closely misses you.
You claw the boulder beetle!
The boulder beetle is heavily wounded.
The boulder beetle bites you but does no damage.
You claw the boulder beetle!
The boulder beetle is severely wounded.
You claw the boulder beetle!
The boulder beetle is almost dead.
The boulder beetle bites you!!
* * * LOW HITPOINT WARNING * * *
A yak comes into view. x2
You completely miss the boulder beetle.
The boulder beetle is almost dead.
The boulder beetle bites you!!
You die...

#..## ##...## ###.....##
.##..##..## .....###..##
.......##..##
.......###..#########
.......####......(..####
.......##......°@B.Y..<.
........#.##...).......Y
........#. #####.......Y
........# .####....
........# # ###
....^...# .......##
.......# .......#


You could see a boulder beetle (poisoned) and 3 yaks.

Vanquished Creatures
  A komodo dragon (D:8)
  2 trolls
  A vampire (D:9)
  6 yaks (D:8)
  2 wyverns
  3 water moccasins
  2 orc warriors (D:9)
  A necrophage (D:2)
  An ice beast (D:5)
  7 centaurs
  An ogre (D:4)
  A phantom (D:5)
  A kobold brigand (D:9)
  2 gnoll sergeants
  A bullfrog (D:9)
  7 killer bees
  3 wights (D:9)
  7 howler monkeys
  4 hounds
  2 bullfrog skeletons
  A gnoll shaman (D:8)
  6 orc priests
  A centaur skeleton (D:5)
  A jelly (D:5)
  An iguana (D:6)
  3 orc wizards (D:8)
  18 gnolls
  A howler monkey skeleton (D:6)
  7 adders
  An ufetubus (D:6)
  An adder zombie (D:5)
  2 adder skeletons
  A worm (D:2)
  3 dart slugs
  22 orcs
  7 bats
  8 endoplasms
  3 giant cockroaches
  12 goblins
  17 hobgoblins
  10 jackals
  3 quokkas
  7 ball pythons
  4 frilled lizards
  20 kobolds
  8 rats
223 creatures vanquished.

Vanquished Creatures (collateral kills)
  2 orcs (D:9)
2 creatures vanquished.

Vanquished Creatures (others)
  A butterfly (D:5)
  23 plants (D:8)
24 creatures vanquished.

Grand Total: 249 creatures vanquished

Notes
Turn   | Place    | Note
-------+----------+-------------------------------------------
     0 | D:1      | kae the Demonspawn Gladiator began the quest for the Orb.
     0 | D:1      | Reached XP level 1. HP: 16/16 MP: 1/1
   139 | D:1      | Reached skill level 3 in Unarmed Combat
   139 | D:1      | Gained mutation: You have sharp fingernails. [demonic
                  | ancestry]
   139 | D:1      | Reached XP level 2. HP: 3/22 MP: 2/2
  1070 | D:1      | Gained mutation: You have very sharp fingernails. [demonic
                  | ancestry]
  1070 | D:1      | Reached XP level 3. HP: 24/28 MP: 3/3
  1559 | D:2      | Found a faded altar of an unknown god.
  1845 | D:2      | Found a bloodstained altar of Trog.
  1914 | D:2      | Noticed a necrophage
  1928 | D:2      | Killed a necrophage
  1929 | D:2      | Reached skill level 4 in Unarmed Combat
  1929 | D:2      | Gained mutation: When seriously injured, your bleeding
                  | wounds create armour. (AC +6) [demonic ancestry]
  1929 | D:2      | Reached XP level 4. HP: 17/35 MP: 4/4
  1929 | D:2      | Reached XP level 5. HP: 20/41 MP: 5/5
  2819 | D:3      | Found a snail-covered altar of Cheibriados.
  3019 | D:3      | Found an opulent altar of Gozag.
  3506 | D:4      | Noticed an ogre
  3511 | D:4      | Killed an ogre
  3512 | D:4      | Reached skill level 5 in Unarmed Combat
  3512 | D:4      | Gained mutation: Spells you cast may paralyse adjacent
                  | enemies. [demonic ancestry]
  3512 | D:4      | Reached XP level 6. HP: 48/48 MP: 6/6
  3561 | D:4      | Found a sacrificial altar of Ru.
  3888 | D:4      | Found Poor's Magic Scroll Emporium.
  3895 | D:4      | Bought a scroll of identify for 26 gold pieces
  3895 | D:4      | Bought a scroll of identify for 26 gold pieces
  3895 | D:4      | Bought 2 scrolls of identify for 52 gold pieces
  3895 | D:4      | Bought a scroll of noise for 13 gold pieces
  4117 | D:5      | Entered Level 5 of the Dungeon
  4244 | D:5      | Noticed an ice beast
  4252 | D:5      | Killed an ice beast
  4363 | D:5      | Gained mutation: You may rarely emit foul miasma when
                  | damaged in melee. [demonic ancestry]
  4363 | D:5      | Reached XP level 7. HP: 52/54 MP: 7/7
  4511 | D:5      | Found a large runed translucent door.
  4584 | D:5      | Found a large runed translucent door.
  4589 | D:5      | Noticed RoadToAsh's ghost (amateur DgWn)
  4801 | D:5      | Reached skill level 6 in Unarmed Combat
  5257 | D:6      | Found a large runed translucent door.
  5257 | D:6      | Found a large runed translucent door.
  5262 | D:6      | Noticed p0werm0de's ghost (amateur GrFi)
  5481 | D:6      | Reached skill level 5 in Dodging
  5848 | D:6      | Gained mutation: You sometimes emit foul miasma when
                  | damaged in melee. [demonic ancestry]
  5848 | D:6      | Reached XP level 8. HP: 44/61 MP: 8/8
  5915 | D:6      | Reached skill level 5 in Fighting
  6252 | D:6      | Reached skill level 7 in Unarmed Combat
  7387 | D:7      | Found a staircase to the Ecumenical Temple.
  7397 | Temple   | Entered the Ecumenical Temple
  7577 | Temple   | Became a worshipper of the Wu Jian Council
  7980 | D:8      | Reached skill level 1 in Evocations
  8001 | D:8      | Reached skill level 8 in Unarmed Combat
  8039 | D:8      | Gained mutation: You have claws for hands. [demonic
                  | ancestry]
  8039 | D:8      | Reached XP level 9. HP: 51/69 MP: 9/9
  8043 | D:8      | Noticed a komodo dragon
  8055 | D:8      | Killed a komodo dragon
  8762 | D:8      | Reached skill level 9 in Unarmed Combat
  9221 | D:8      | Found a staircase to the Lair.
  9348 | D:9      | Reached * piety under Wu Jian
  9525 | D:9      | Found a flagged portal.
  9573 | Bailey   | Entered a bailey
  9716 | Bailey   | Reached XP level 10. HP: 79/79 MP: 10/10
  9732 | Bailey   | Reached ** piety under Wu Jian
  9809 | Bailey   | Noticed an orc knight
 10155 | D:9      | Found a staircase to the Orcish Mines.
 10704 | D:10     | Entered Level 10 of the Dungeon
 10801 | D:10     | Noticed a boulder beetle
 10814 | D:10     | Mangled by a boulder beetle

Illustrated notes

Levels and vault maps discovered:
D:1:      dpeg_arrival_rhombi, layout_loops_ring, minmay_heptomino_o4
D:2:      layout_loops_ring, basic_altar,
          shapermc_ecumenical_altar_starsandcircs
D:3:      layout_rooms, grunt_gozag_breadcrumbs, old_standard_altar
D:4:      layout_gridville, kennysheep_little_box, serial_shops, shop
D:5:      layout_loops_ring, nicolae_elyvilon_peaceful_grove,
          ebering_ghost_disaster_area
D:6:      layout_basic, ebering_ghost_disaster_area, kennysheep_cross_room,
          hangedman_decor_opposing
D:7:      layout_basic, minmay_temple_entry_overgrown, kennysheep_nondescript
D:8:      layout_rooms, david_lair_shrubbed
D:9:      layout_rooms, marbit_many_paths, david_orc_2, serial_rivers,
          chequers_serial_rivers_micro_b, chequers_serial_rivers_small_3,
          chequers_serial_rivers_micro_b, chequers_serial_rivers_micro_c,
          chequers_serial_rivers_marsh, enter_bailey_3
D:10:     minmay_ornate_pinched, layout_cave_pods, okawaru_ov_weapons_minmay,
          uniq_snorg
Temple:   compressed_dpeg_circular_temple

Skill      XL: |  1  2  3  4  5  6  7  8  9 10 |
---------------+-------------------------------+-----
Unarmed Combat | 3 4 5 6 8 9 |  9.9
Dodging        | 3 4 5 6 7 |  7.3
Fighting       | 3 4 6 7 |  7.6
Evocations     | 1 3 4 |  4.6
Throwing       | |  1.7

Action                   |  1- 3 |  4- 6 |  7- 9 | 10-12 || total
-------------------------+-------+-------+-------+-------++-------
Melee: Unarmed           |   161 |   114 |   349 |   107 ||   731
       Punch             |     1 |       |    16 |     5 ||    22
Invok: Lunge             |       |       |    13 |    11 ||    24
       Whirlwind         |       |       |     1 |     2 ||     3
Evoke: Wand              |       |       |     2 |       ||     2
  Use: Scroll            |     4 |     8 |     6 |     4 ||    22
       Potion            |       |     1 |     2 |       ||     3
 Stab: Sleeping          |     1 |     1 |       |       ||     2
Armor: Leather armour    |    45 |    22 |    84 |    17 ||   168
Dodge: Dodged            |   104 |    65 |   203 |    74 ||   446
Block: Other             |       |       |    51 |    32 ||    83
       Reflection        |       |       |     2 |     3 ||     5

Table legend: (Time is in decaauts)
 A = Elapsed time spent in this place.
 B = Non-inter-level travel time spent in this place.
 C = Inter-level travel time spent in this place.
 D = Time resting spent in this place.
 E = Time spent auto-exploring this place.
 F = Levels seen in this place.
 G = Mean time per level.
                   A        B        C        D        E       F      G
               +--------+--------+--------+--------+--------+-----+--------+
         Total |  10734 |  10464 |    270 |   1510 |   7514 |  12 |  894.5 |
       Dungeon |  10367 |  10106 |    261 |   1480 |   7321 |  10 | 1036.7 |
        Temple |    119 |    110 |      9 |     12 |     69 |   1 |  119.0 |
        Bailey |    247 |    247 |      0 |     18 |    124 |   1 |  247.0 |
               +--------+--------+--------+--------+--------+-----+--------+

Top non-repeatable levels by time:
     D:6: 1923 daAuts
     D:1: 1544 daAuts
     D:8: 1214 daAuts
     D:2: 1170 daAuts
     D:9: 1124 daAuts
     D:5: 1097 daAuts
     D:4: 904 daAuts
     D:7: 802 daAuts
     D:3: 480 daAuts
  Bailey: 247 daAuts
  Temple: 119 daAuts
    D:10: 105 daAuts
